 Dungeon Crawl Stone Soup version 0.20-a0-1126-g0f15420 (webtiles) character file.

56 Naow the Sneak (level 3, -1/21 HPs)
             Began as an Octopode Enchanter on May 17, 2017.
             Shot with a stone by a goblin (8 damage)
             ... on level 2 of the Dungeon.
             The game lasted 00:02:23 (1288 turns).

Naow the Sneak (Octopode Enchanter)                 Turns: 1288, Time: 00:02:24

Health: -1/21      AC:  1    Str:  7    XL:     3   Next: 95%
Magic:  3/7        EV: 13    Int: 18    God:
Gold:   92         SH:  0    Dex: 12    Spells: 5/8 levels left

rFire    . . .     SeeInvis .   a - +1 dagger
rCold    . . .     Gourm    .   (no shield)
rNeg     . . .     Faith    .   (helmet restricted)
rPois    .         Spirit   .   (no amulet)
rElec    .         Reflect  .   (no ring)
rCorr    .         Harm     .   (no ring)
MR       .....                  (no ring)
Stlth    ++++......             (no ring)
Regen    0.1/turn               (no ring)
MPRegen  0.1/turn               (no ring)
                                (no ring)
                                (no ring)

@: no status effects
A: almost no armour, stealthy swim, amphibious, 8 rings, constrict 8, camouflage
1, gelatinous body 1
a: no special abilities


You were on level 2 of the Dungeon.
You were hungry.

You visited 1 branch of the dungeon, and saw 2 of its levels.

You collected 92 gold pieces.

Inventory:

Hand Weapons
 a - a +1 dagger (weapon)
Wands
 j - a wand of iceblast (8/15)
Scrolls
 f - 5 scrolls of identify {unknown}
 g - a scroll of teleportation {unknown}
Potions
 e - a potion of haste {unknown}
 i - a potion of degeneration {unknown}
Books
 b - a book of Maledictions

   Spells                             Type                      Level
   a - Corona                         Hexes                        1
   b - Ensorcelled Hibernation        Hexes/Ice                    2
   c - Confuse                        Hexes                        3
   d - Tukima's Dance                 Hexes                        3
   e - Dazzling Spray                 Conjuration/Hexes            3
Comestibles
 c - 3 bread rations
 d - 4 chunks of flesh
 h - a royal jelly


   Skills:
 - Level 1.7 Short Blades
 - Level 2.0 Dodging
 + Level 5.0 Stealth
 * Level 3.0 Spellcasting
 - Level 3.0 Hexes


You had 5 spell levels left.
You knew the following spells:

 Your Spells              Type           Power        Failure   Level  Hunger
a - Corona                Hex            ##.....      4%          1    None
b - Ensorcelled Hibernat  Hex/Ice        #.....       13%         2    ##.....


Dungeon Overview and Level Annotations

Branches:
Dungeon (2/15)

Altars:


Innate Abilities, Weirdness & Mutations

You cannot wear most types of armour.
You are very stealthy in the water. (Stealth+)
You are amphibious.
You can wear up to eight rings at the same time.
You can use your tentacles to constrict eight enemies at once.
Your skin changes colour to match your surroundings (Stealth+).
Your rubbery body absorbs attacks. (AC +1, EV +1)


Message History

Aim: a jackal (chance to defeat MR: 57%)
The jackal looks drowsy...
You are feeling hungry.
The kobold barely misses you.
The goblin shoots a stone.
The stone hits you.
You are too injured to fight recklessly!
The helpless jackal fails to defend itself.
You impale the jackal!!
You kill the jackal!
Your Stealth skill increases to level 5!
The kobold closely misses you.
The goblin shoots a stone.
The stone barely misses you. The jackal closely misses you.
Casting: Ensorcelled Hibernation
Confirm with . or Enter, or press ? or * to list all spells.
Aiming: Ensorcelled Hibernation
Press: ? - help, Shift-Dir - straight line, f - jackal
Aim: a jackal (chance to defeat MR: 57%)
The jackal resists with significant effort.
The kobold hits you. The jackal barely misses you.
The goblin shoots a stone.
The stone hits you!
You die...

..###.....##......###.##
#
..................#.!...
######.##.####....######
######[##.# #....≈≈≈≈≈≈
...<.#.##(# #?...#####
####......# #....#..).
##.....#######.###.#
#.......#####...#.#
.........##..#.(@h..#
#####..........K..<.....
#....###...........#
#....# ###.......g.#
#....# ###########
######


You could see a jackal, a goblin and a kobold.

Vanquished Creatures
  2 adders (D:2)
  2 worms (D:2)
  A dart slug (D:1)
  A leopard gecko (D:2)
  3 bats (D:2)
  3 giant cockroaches (D:2)
  2 goblins
  2 hobgoblins (D:2)
  4 jackals (D:2)
  2 kobolds (D:2)
  A frilled lizard (D:1)
  6 rats
29 creatures vanquished.

Notes
Turn   | Place    | Note
-------+----------+-------------------------------------------
     0 | D:1      | Naow the Octopode Enchanter began the quest for the Orb.
     0 | D:1      | Reached XP level 1. HP: 11/11 MP: 3/3
   544 | D:1      | Reached XP level 2. HP: 17/17 MP: 5/5
   670 | D:2      | Learned a level 2 spell: Ensorcelled Hibernation
   779 | D:2      | Reached XP level 3. HP: 21/21 MP: 0/6
  1287 | D:2      | Reached skill level 5 in Stealth
  1288 | D:2      | Shot with a stone by a goblin

Vault maps used:
D:1:      lemuel_arrival_hallway, minivault_23
D:2:      grunt_decor_cap, minmay_unequal

Skill      XL: |  1  2  3 |
---------------+----------+-----
Spellcasting   | 3 |  3.0
Stealth        | 5 |  5.0
Short Blades   | |  1.7
Dodging        | |  2.0
Hexes          | |  3.0

Action                   || total
-------------------------++-------
Melee: Dagger            ||    53
       Constrict         ||     9
       Tentacles         ||     3
 Cast: Corona            ||     5
       Ensorcelled Hiber ||     7
 Stab: Sleeping          ||    16
  Eat: Chunk             ||     1
Armor: Skin              ||     5
Dodge: Dodged            ||    34
